Map: Blueshift LE

Players

Mage

  • Race: Protoss Protoss
  • Spawn Location: 1:00

Wilo - Winner!

  • Race: Zerg Zerg
  • Spawn Location: 7:00

Event: WCS Montreal 2018

VOD

Have the link to the VOD?

Description

Time

  • Played on: Sept. 7, 2018, 12:50 p.m.
  • Length: 4:23

All games in this series

Show
View Real Time Build Order
Export as new Build Order

Mage Protoss 

Build Orders: 1 Gate Expand, Oracle Opening, Phoenix Opening 

Get SALT Encoding   

  12  0:00  Probe  
  13  0:12  Probe  
  14  0:18  Pylon  
  14  0:24  Probe  
  15  0:32  Probe  
  15  0:39  Gateway  
  15  0:40  Probe  
  16  0:49  Assimilator  
  17  0:51  Probe  
  18  1:03  Probe  
  19  1:15  Probe  
  20  1:26  Nexus  
  20  1:36  Cybernetics Core  
  20  1:39  Probe  
  21  1:46  Assimilator  
  21  1:51  Probe  
  21  1:54  Pylon  
  22  2:03  Probe  
  22  2:04  Adept  
  23  2:15  Probe  
  26  2:20  Stargate  
  26  2:27  Warp Gate, Probe  
  27  2:32  Adept  
  29  2:38  Probe  
  29  2:39  Probe  
  31  2:50  Probe  
  32  2:51  Probe  
  33  2:58  Oracle  
  33  3:02  Stalker, Probe  
  33  3:04  Probe  
  40  3:14  Probe  
  40  3:16  Probe  
  40  3:17  Gateway  
  42  3:21  Pylon  
  42  3:26  Probe  
  43  3:32  Probe  
  44  3:35  Phoenix  
  44  3:37  Pylon  
  46  3:41  Probe  
  46  3:44  Probe  
  46  3:47  Shield Battery  
  48  3:52  Stalker  
  48  3:55  Shield Battery  
  50  3:56  Shield Battery  
  47  4:16  Shield Battery  
Show
View Real Time Build Order
Export as new Build Order

Wilo Zerg - Winner!

Build Orders: Hatch First 

Get SALT Encoding   

  12  0:01  Drone  
  13  0:09  Drone  
  13  0:12  Extractor  
  13  0:15  Drone  
  15  0:22  Overlord  
  15  0:46  Hatchery  
  15  0:48  Drone  
  15  0:51  Drone  
  15  0:55  Drone  
  17  1:02  Extractor  
  16  1:12  Spawning Pool  
  16  1:15  Drone  
  16  1:19  Drone  
  16  1:22  Drone  
  18  1:31  Drone  
  19  1:43  Drone  
  20  1:53  Drone  
  21  1:59  Queen  
  21  2:00  Zergling x2  
  24  2:06  Drone  
  25  2:10  Lair  
  25  2:11  Overlord  
  25  2:13  Drone  
  26  2:17  Extractor  
  26  2:22  Drone  
  26  2:30  Drone  
  26  2:31  Drone  
  26  2:35  Queen  
  30  2:41  Roach Warren  
  29  2:49  Zergling x4  
  33  2:58  Drone x2  
  33  3:08  Queen  
  33  3:12  Nydus Network  
  34  3:16  Overlord  
  34  3:27  Roach  
  36  3:34  Queen  
  36  3:37  Roach x2  
  42  3:44  Spore Crawler  
  41  3:49  Nydus Canal  
  41  3:53  Roach  
Tags
 
Add a new tag
Caveats
  • Supply blocks, unpowered buildings, or Contaminate may cause inaccurate times.
  • Supply counts are checked every 10 seconds.